 Dungeon Crawl Stone Soup version 0.32-a0-953-g508020473e (webtiles) character file.

Game seed: 4789531124580623183

8 elagabalus the Cudgeller (level 2, 8/26 HPs)
             Began as a Mountain Dwarf Monk on Apr 16, 2024.
             Quit the game on level 1 of the Dungeon.
             The game lasted 00:00:45 (72 turns).

elagabalus the Cudgeller (Mountain Dwarf Monk)        Turns: 72, Time: 00:00:46

Health: 8/26       AC:  2    Str: 13    XL:     2   Next: 0%
Magic:  2/2        EV: 11    Int: 10    God:
Gold:   0          SH:  0    Dex: 12    Spells: 1/1 levels left

rFire   . . .        a - +0 mace
rCold   . . .        d - orb {light}
rNeg    . . .        b - +0 robe
rPois   .            (no helmet)
rElec   .            (no cloak)
rCorr   .            (no gloves)
SInv    .            (no boots)
Will    .....        (no amulet)
Stlth   +            (no ring)
HPRegen 0.24/turn    (no ring)
MPRegen 0.08/turn

%: no passive effects
@: glowing
A: runic magic, artefact enchanting
a: no special abilities


You were on level 1 of the Dungeon.
You visited 1 branch of the dungeon, and saw 1 of its levels.

Inventory:

Hand Weapons
 a - a +0 mace (weapon)
Armour
 b - a +0 robe (worn)
 d - an orb of light (worn)
Potions
 c - a potion of ambrosia


   Skills:
 - Level 3.2 Fighting
 * Level 4.3 Maces & Flails
 - Level 2.1 Dodging


You had one spell level left.
You didn't know any spells.
Your spell library was empty.

Dungeon Overview and Level Annotations

Branches:
Dungeon (1/15)

Altars:


Innate Abilities, Weirdness & Mutations

Your spellcasting is much less encumbered by armour.
You can use scrolls of enchantment on lesser artefacts.


Message History

You barely miss the jackal.
The jackal is almost dead.
The jackal completely misses you.
The jackal bites you but does no damage.
You hit the jackal.
You kill the jackal!
The bat barely misses you. The bat hits you but does no damage.
Things that are here:
a jackal corpse; a jackal corpse The bat misses you.
The bat hits you.
* * * LOW HITPOINT WARNING * * *
The bat hits you but does no damage. The bat hits you.
* * * LOW HITPOINT WARNING * * *
You barely miss the bat. The bat closely misses you. The bat hits you.
* * * LOW HITPOINT WARNING * * *
The bat hits you.
* * * LOW HITPOINT WARNING * * *
The bat closely misses you. The bat closely misses you.
You hit the bat.
The bat is severely wounded.
The bat misses you. The bat hits you but does no damage.
The bat hits you but does no damage. The bat barely misses you.
The bat barely misses you. The bat misses you. The bat hits you.
* * * LOW HITPOINT WARNING * * *
The bat barely misses you. The bat barely misses you.
The bat hits you but does no damage.
You hit the bat.
You kill the bat!
You have reached level 2!
You see here a bat corpse.
Are you sure you want to abandon this character and quit the game? (Confirm with "yes".)

>... ..... .....
..... ...
########.#####
#$.#.........#
#@#†...)......
##.....#.#....
#.†....#.# !
#......#.#
#....#†#.#
#...##)#.#
#.....⌠#.#
#.#..#####.#####..
#.........<.......


There were no monsters in sight!

Vanquished Creatures
  A bat (D:1)
  An endoplasm (D:1)
  3 jackals (D:1)
  A kobold (D:1)
6 creatures vanquished.

Notes
Turn   | Place    | Note
-------+----------+-------------------------------------------
     0 | D:1      | elagabalus the Mountain Dwarf Monk began the quest for the
                  | Orb.
     0 | D:1      | Reached XP level 1. HP: 19/19 MP: 1/1
    33 | D:1      | Reached skill level 4 in Maces & Flails
    69 | D:1      | Reached XP level 2. HP: 8/26 MP: 2/2
    72 | D:1      | Quit the game

Illustrated notes

Levels and vault maps discovered:
D:1:      matt_arrival_grand_opening, layout_basic

Skill      XL: |  1 |
---------------+----+-----
Maces & Flails | 4 |  4.3
Fighting       | |  3.2
Dodging        | |  2.1

Action                     || total
---------------------------++-------
  Melee: Mace              ||    23
 Armour: Robe              ||    32
  Dodge: Dodged            ||    35

Table legend: (Time is in decaauts)
 A = Elapsed time spent in this place.
 B = Non-inter-level travel time spent in this place.
 C = Inter-level travel time spent in this place.
 D = Time resting spent in this place.
 E = Time spent auto-exploring this place.
 F = Levels seen in this place.
 G = Mean time per level.
                   A        B        C        D        E       F      G
               +--------+--------+--------+--------+--------+-----+--------+
         Total |     76 |     76 |      0 |      0 |      0 |   1 |   76.0 |
       Dungeon |     76 |     76 |      0 |      0 |      0 |   1 |   76.0 |
               +--------+--------+--------+--------+--------+-----+--------+

Top non-repeatable levels by time:
     D:1: 76 daAuts
